 Dungeon Crawl Stone Soup version 0.27.1 (webtiles) character file.

Game seed: 7543983159202933161

59 Rrauwl the Charlatan (level 3, 0/20 HPs)
             Began as a Deep Elf Artificer on Aug 23, 2021.
             Was a Follower of Sif Muna.
             Slain by an orc (5 damage)
             ... on level 4 of the Dungeon.
             The game lasted 00:10:50 (2416 turns).

Rrauwl the Charlatan (Deep Elf Artificer)           Turns: 2416, Time: 00:10:50

Health: 0/20       AC:  4    Str:  9    XL:     3   Next: 78%
Magic:  2/6        EV: 13    Int: 16    God:    Sif Muna [*.....]
Gold:   63         SH:  0    Dex: 15    Spells: 2/3 levels left

rFire    . . .     SeeInvis .   k - +1 whip
rCold    . . .     Faith    .   (no shield)
rNeg     . . .     Spirit   .   l - +0 robe
rPois    .         Reflect  .   j - +1 helmet
rElec    .         Harm     .   (no cloak)
rCorr    .         Rampage  .   (no gloves)
Will     .....                  (no boots)
Stlth    ++........             (no amulet)
HPRegen  0.06/turn              g - ring of wizardry
MPRegen  0.10/turn              (no ring)

@: no status effects
A: no striking features
a: Renounce Religion, Channel Magic


You were on level 4 of the Dungeon.
You worshipped Sif Muna.
Sif Muna was aware of your devotion.
You visited 1 branch of the dungeon, and saw 3 of its levels.

You collected 63 gold pieces.

Inventory:

Hand Weapons
 k - a +1 whip (weapon)
Armour
 j - a +1 helmet (worn)
 l - a +0 robe (worn)
Jewellery
 g - a ring of wizardry (left hand)
Wands
 d - a wand of charming (13)
Scrolls
 f - a scroll of immolation
Potions
 h - a potion of curing
Miscellaneous
 e - a piece from Xom's chessboard (15/15)


   Skills:
 - Level 1.0 Fighting
 - Level 1.0 Armour
 + Level 3.2 Dodging
 - Level 2.0 Stealth
 + Level 0.9 Spellcasting
 + Level 0.5 Conjurations
 + Level 0.7 Fire Magic
 - Level 1.0 Invocations
 + Level 3.8 Evocations


You had 2 spell levels left.
You knew the following spells:

 Your Spells              Type           Power      Damage    Failure   Level
a - Foxfire               Conj/Fire      8%         2x1d4     8%          1

Your spell library contained the following spells:

 Spells                   Type           Power      Damage    Failure   Level
 Sandblast                Erth           0%         2d4       10%         1
 Passwall                 Tmut/Erth      0%         N/A       14%         2
 Conjure Flame            Conj/Fire      2%         6-21      21%         3
 Inner Flame              Hex/Fire       1%         N/A       24%         3
 Call Canine Familiar     Summ           0%         N/A       26%         3
 Portal Projectile        Hex/Tloc       0%         N/A       26%         3
 Leda's Liquefaction      Hex/Erth       0%         N/A       65%         4
 Lee's Rapid Deconstruct  Erth           0%         3d5*      92%         5


Dungeon Overview and Level Annotations

Branches:
Dungeon (2/15)

Altars:
Sif Muna


Message History

Casting: Foxfire (safe; 8% risk of failure)
Confirm with . or Enter, or press ? or * to list all spells.
You miscast Foxfire.
You are very lightly contaminated with residual magic.
Nothing appears to happen.
The orc hits you with a +0 falchion!
Unknown command.
Casting: Foxfire (safe; 8% risk of failure)
Confirm with . or Enter, or press ? or * to list all spells.
You conjure some foxfire!
The orc hits you with a +0 falchion.
The foxfire hits the orc but does no damage.
The foxfire hits the orc.
The orc is moderately wounded.
You see here a +0 dagger.
Casting: Foxfire (safe; 8% risk of failure)
Confirm with . or Enter, or press ? or * to list all spells.
You conjure some foxfire!
The orc hits you with a +0 falchion.
* * * LOW HITPOINT WARNING * * *
The foxfire hits the orc.
The orc is heavily wounded.
The foxfire hits the orc but does no damage.
The orc is heavily wounded.
Casting: Foxfire (safe; 8% risk of failure)
Confirm with . or Enter, or press ? or * to list all spells.
You conjure some foxfire!
The orc hits you with a +0 falchion.
* * * LOW HITPOINT WARNING * * *
The foxfire hits the orc.
The orc is heavily wounded.
The foxfire hits the orc.
The orc is almost dead.
Your magical contamination has completely faded away.
Okay, then.
You barely miss the orc.
The orc is almost dead.
The orc hits you but does no damage.
You feel better. The orc hits you with a +0 falchion.
* * * LOW HITPOINT WARNING * * *
You hit the orc but do no damage.
The orc is severely wounded.
The orc hits you with a +0 falchion.
You die...

#... ....#####... #..#
#....##...#
#..########....... #####
#...........†....#
#...######..########.#.#.##
#.........................#
#...######).########.:.....
##......<.o.# #.....#.#...
#.###....@## #.#####.#...
#.# #.###.# #.###. #.# #.#
#.. ...#####.# #. #.###.#
#... .........###. #.....#
#.####............ #.###.#
#.## #.#########.. #.#
#>###..##. #.. #.#
#......... #.. #.#
#.####.##J #..


You could see an orc.

Vanquished Creatures
  A hound skeleton (D:4)
  2 adders (D:4)
  A worm (D:2)
  3 orcs (D:4)
  2 ball pythons (D:1)
  2 endoplasms (D:1)
  A giant cockroach (D:1)
  2 goblins
  2 hobgoblins (D:1)
  6 jackals (D:1)
  A quokka (D:1)
  A frilled lizard (D:1)
  3 rats (D:1)
27 creatures vanquished.

Vanquished Creatures (collateral kills)
  A kobold (D:4)
1 creature vanquished.

Vanquished Creatures (others)
  17 foxfires (D:4)
17 creatures vanquished.

Grand Total: 45 creatures vanquished

Notes
Turn   | Place    | Note
-------+----------+-------------------------------------------
     0 | D:1      | Rrauwl the Deep Elf Artificer began the quest for the Orb.
     0 | D:1      | Reached XP level 1. HP: 11/11 MP: 3/3
    42 | D:1      | Reached skill level 1 in Fighting
    42 | D:1      | Reached skill level 1 in Armour
    69 | D:1      | Reached XP level 2. HP: 16/16 MP: 4/4
   619 | D:1      | Found a faded altar of an unknown god.
   632 | D:1      | Became a worshipper of Sif Muna the Loreminder
   632 | D:1      | Reached * piety under Sif Muna
  1649 | D:2      | Learned a level 1 spell: Foxfire
  1672 | D:2      | You fall into a shaft and drop 2 floors!
  1696 | D:4      | Reached XP level 3. HP: 17/20 MP: 2/5
  1851 | D:4      | Reached skill level 1 in Invocations
  2416 | D:4      | Slain by an orc

Illustrated notes

Levels and vault maps discovered:
D:1:      psy_arrival_radial01, layout_basic,
          hellmonk_ecumenical_altar_arch_garden, minmay_misc_feat_roman
D:2:      layout_loops_ring
D:4:      layout_loops_ring

Skill      XL: |  1  2  3 |
---------------+----------+-----
Fighting       | 1 |  1.0
Armour         | 1 |  1.0
Stealth        | 2 |  2.0
Dodging        | 3 |  3.2
Invocations    | 1 |  1.0
Spellcasting   | |  0.9
Conjurations   | |  0.5
Fire Magic     | |  0.7
Evocations     | |  3.8

Action                   || total
-------------------------++-------
Melee: Dagger            ||   109
       Whip              ||    14
 Cast: Foxfire           ||    14
Evoke: Wand              ||    17
       Piece from Xom's  ||     1
  Use: Potion            ||     6
       Scroll            ||     4
 Stab: Sleeping          ||     1
Armor: Leather armour    ||    21
       Robe              ||     5
Dodge: Dodged            ||    82
